 Dungeon Crawl Stone Soup version 0.28-a0-1117-g0bdd5ba030 (webtiles) character file.

Game seed: 15424250843372091042

403 spiderkeys the Skirmisher (level 7, -7/52 HPs)
             Began as a Djinni Abyssal Knight on Dec 11, 2021.
             Was a Believer of Lugonu.
             Mangled by an ogre (16 damage)
             ... on level 5 of the Dungeon on Dec 12, 2021.
             The game lasted 00:07:27 (6098 turns).

spiderkeys the Skirmisher (Djinni Abyssal Knight)   Turns: 6098, Time: 00:07:28

Health: -7/52      AC:  5    Str: 12    XL:     7   Next: 11%
Gold:   251        EV: 12    Int: 14    God:    Lugonu [**....] SH:  0 Dex: 13

rFire   + + .      SeeInvis .   q - +0 long sword
rCold   x . .      Faith    .   (no shield)
rNeg    . . .      Spirit   .   b - +0 leather armour
rPois   ∞          Reflect  .   (no helmet)
rElec   .          Harm     .   r - +0 cloak
rCorr   .          Rampage  .   m - +0 pair of gloves
Will    .....                   (boots unavailable)
Stlth   +.........              (no amulet)
HPRegen 0.17/turn               (no ring)
MPRegen 0.00/turn               (no ring)

@: flying
A: sickness immunity, fire resistance 2, cold vulnerability 1, float, innate
caster, hp casting, extra vitality 1
a: Renounce Religion, Depart the Abyss, Bend Space


You were on level 5 of the Dungeon.
You worshipped Lugonu.
Lugonu was pleased with you.
You visited 1 branch of the dungeon, and saw 5 of its levels.
You visited the Abyss 1 time.

You collected 251 gold pieces.


Innate Abilities, Weirdness & Mutations

You are immune to sickness and miasma.
You are immune to poison.
Your flesh is very heat resistant. (rF++)
You are vulnerable to cold. (rC-)
You float through the air rather than walking.
You learn spells naturally, not from books.
Your magical power is your life essence.
You have superior vitality. (+4 HP)


   Skills:
 + Level 4.2 Fighting
 + Level 3.2 Long Blades
 - Level 1.0 Armour
 + Level 3.9 Dodging
 * Level 3.0 Spellcasting
 - Level 1.7 Invocations


You had 7 spell levels left.
You knew the following spells:

 Your Spells              Type           Power      Damage    Failure   Level
a - Animate Skeleton      Necr           20%        N/A       8%          1
e - Passwall              Tmut/Erth      8%         N/A       12%         2
w - Wereblood             Tmut           10%        N/A       12%         2
Your spell library was empty.

Inventory:

Hand Weapons
 a - a +1 falchion
 n - a +0 rapier
   (You found it on level 2 of the Dungeon)
 q - a +0 long sword (weapon)
   (You found it on level 2 of the Dungeon)
 t - a +2 whip of flaming
   (You took it off a kobold on level 4 of the Dungeon)
Missiles
 h - 127 stones
 l - 67 sling bullets
 p - 28 arrows
Armour
 b - a +0 leather armour (worn)
 m - a +0 pair of gloves (worn)
   (You found it on level 2 of the Dungeon)
 r - a +0 cloak (worn)
   (You took it off Crazy Yiuf on level 2 of the Dungeon)
Wands
 w - a wand of charming (2)
   (You found it on level 4 of the Dungeon)
Scrolls
 j - a scroll of identify {@r1}
 k - a scroll of teleportation {unknown}
 o - 5 scrolls of fear {unknown}
 v - a scroll of magic mapping {unknown}
 x - a scroll of acquirement {unknown}
 y - a scroll of enchant armour {unknown}
 z - a scroll of enchant weapon {unknown}
Potions
 d - a potion of curing {@q1}
 e - 3 potions of brilliance
 f - 2 potions of heal wounds {unknown}
 g - a potion of invisibility {unknown}
 i - 2 potions of attraction {!q}
 s - a potion of haste {unknown}
 u - a potion of might {unknown}
 A - a potion of resistance
Miscellaneous
 c - a phantom mirror
   (You found it on level 2 of the Abyss)

Dungeon Overview and Level Annotations

Branches:
Dungeon (5/15)
 Temple: D:4-7

Altars:

## #.###.## ##.##..####.##.# #..
#..###.###.###...##.####. ...#
##.........## ##...#.# ##.
#..####.#.........####.....# #.#
##.......####...#....##.....###.#
#..#...#..# ##..####............#
......###.####..# ##......[..#..
#.....# #.......### ##........###
#.##.[. ##..##..@O####......<.# #
# ##....>.####.#........)....##
##...... #####............## ...#
.. #....##.......# ##.#
#...####....... ## #.#.##
##....#. ...### ##.....# ....
#####....... #.#.. #.....##....


You could see an ogre.


Message History

The hound skeleton bites you but does no damage.
You closely miss the hound skeleton.
The hound skeleton bites you but does no damage.
The hound skeleton bites you. 😕 HP[-1]
You take 1 damage, and now have 51/52 hp.
You hit the hound skeleton. The hound skeleton misses you. 😎 HP[+1]
Your hp is fully restored (52).
You hit the hound skeleton.
The hound skeleton bites you but does no damage. x2
You hit the hound skeleton.
You destroy the hound skeleton!
Lugonu accepts your kill.
An ogre comes into view. It is wielding a +0 giant club.
The ogre shouts!
An ogre is nearby!
An ogre is nearby!
You hit the ogre. The ogre closely misses you.
You hit the ogre. The ogre barely misses you.
You hit the ogre.
The ogre hits you with a +0 giant club!! 😮 HP[-18]
You take 18 damage, and now have 34/52 hp.
MASSIVE DAMAGE!! (PAUSE)
You slash the ogre! The ogre hits you with a +0 giant club!
* * * LOW HITPOINT WARNING * * *
😨 HP[-17]
You take 17 damage, and now have 17/52 hp.
MASSIVE DAMAGE!! (PAUSE) 😨 HP[+1] 😨 HP[+1]
Casting: Animate Skeleton (safe; 8% risk of failure)
Confirm with . or Enter, or press ? or * to list all spells.
Okay, then.
Casting: Animate Skeleton (safe; 8% risk of failure)
Confirm with . or Enter, or press ? or * to list all spells.
You don't know that spell.
Casting: Animate Skeleton (safe; 8% risk of failure)
Confirm with . or Enter, or press ? or * to list all spells.
Okay, then.
Casting: Animate Skeleton (safe; 8% risk of failure)
Confirm with . or Enter, or press ? or * to list all spells.
Aiming: Passwall (safe; 12% risk of failure)
Press: ? - help, Dir - move target A rock wall.
This rock feels extremely deep.
* * * LOW HITPOINT WARNING * * *
😨 HP[-2]
You take 2 damage, and now have 17/52 hp. 😨 HP[+1] 😨 HP[+1] Space bends around you!
You blink. 😨 HP[-2]
You take 2 damage, and now have 17/52 hp. 😨 HP[+1] 😨 HP[+1] 😨 HP[+1]
There is a stone staircase leading up here. 😨 HP[+1]
You fly upwards.
There is a stone staircase leading down here.
You start resting. 😎 HP[+31]
Your hp is fully restored (52).
You fly downwards.
The ogre closely misses you.
There is a stone staircase leading up here.
You slash the ogre! The ogre barely misses you.
You barely miss the ogre. The ogre barely misses you.
You completely miss the ogre.
The ogre hits you with a +0 giant club! 😮 HP[-15]
You take 15 damage, and now have 37/52 hp.
MASSIVE DAMAGE!! (PAUSE)
You hit the ogre but do no damage. The ogre hits you with a +0 giant club!
* * * LOW HITPOINT WARNING * * *
😨 HP[-13]
You take 13 damage, and now have 24/52 hp.
MASSIVE DAMAGE!! (PAUSE)
You hit the ogre. The ogre closely misses you.
You barely miss the ogre. The ogre barely misses you.
You hit the ogre. The ogre hits you with a +0 giant club!
* * * LOW HITPOINT WARNING * * *
😱 HP[-14]
You take 14 damage, and now have 10/52 hp.
MASSIVE DAMAGE!! (PAUSE) Space bends around you!
You blink. 😱 HP[-3]
You take 3 damage, and now have 7/52 hp.
Unknown command.
Unknown command.
Aiming: Charm
Press: ? - help, Shift-Dir - straight line, f - ogre
Aim: an ogre, wielding a +0 giant club (heavily wounded, chance to affect: 46%)
Okay, then. 😱 HP[+1]
You fail to use your ability.
The ogre hits you with a +0 giant club!
You die...

Skill      XL: |  1  2  3  4  5  6 |
---------------+-------------------+-----
Long Blades    | 2 3 |  3.2
Spellcasting   | 1 2 3 |  3.0
Dodging        | 3 |  3.9
Fighting       | 4 |  4.2
Armour         | |  1.0
Invocations    | |  1.7

Action                   |  1- 3 |  4- 6 |  7- 9 || total
-------------------------+-------+-------+-------++-------
Melee: Falchion          |    92 |       |       ||    92
       Long sword        |    21 |    96 |    17 ||   134
       Whip              |       |   136 |       ||   136
Throw: Stone             |       |     1 |       ||     1
 Cast: Animate Skeleton  |       |     2 |       ||     2
       Passwall          |       |       |     1 ||     1
Invok: Depart the Abyss  |     1 |       |       ||     1
       Bend Space        |       |     2 |     2 ||     4
Evoke: Phantom mirror    |     1 |       |       ||     1
       Wand              |       |     2 |       ||     2
  Use: Scroll            |     2 |       |       ||     2
       Potion            |       |     2 |       ||     2
 Stab: Sleeping          |     1 |     1 |       ||     2
Armor: Leather armour    |    28 |   105 |     4 ||   137
Dodge: Dodged            |    87 |   169 |    12 ||   268

Levels and vault maps discovered:
D:1:      scummos_arrival_hexagon, layout_loops_ring,
          shapermc_ecumenical_altar_mp_vishouse
D:2:      layout_loops_cross, dk_noncrumbling_4, uniq_crazy_yiuf_cottage
D:3:      layout_basic, kennysheep_generic_room_7
D:4:      layout_loops_ring
D:5:      layout_layer_cave, serial_shops, shop, nicolae_figureground_sparkle

Notes
Turn   | Place    | Note
-------+----------+-------------------------------------------
     0 | Abyss:1  | spiderkeys the Djinni Abyssal Knight began the quest for
                  | the Orb.
     0 | Abyss:1  | Reached XP level 1. HP: 20/20 MP: 0/0
     0 | Abyss:1  | magus.rc [v1.9.10]
   142 | Abyss:3  | Noticed a large abomination
   173 | Abyss:3  | Noticed a small abomination
   173 | Abyss:3  | Noticed a small abomination
   175 | Abyss:3  | Noticed a chaos spawn
   179 | Abyss:3  | Noticed a large abomination
   182 | Abyss:3  | Noticed a smoke demon
   183 | Abyss:3  | Noticed a ynoxinul
   184 | Abyss:3  | Noticed a large abomination
   186 | Abyss:3  | HP: 4/20 [small abomination (10)]
   187 | Abyss:4  | Noticed a blink frog
   187 | Abyss:4  | Noticed a tentacled starspawn
   187 | Abyss:4  | Noticed a merfolk avatar
   187 | Abyss:4  | Noticed a blink frog
   187 | Abyss:4  | Noticed a mad acolyte of Lugonu
   187 | Abyss:4  | Noticed a starcursed mass
   187 | Abyss:4  | Noticed a tentacled monstrosity
   187 | Abyss:4  | Noticed a blink frog
   187 | Abyss:4  | Found a corrupted altar of Lugonu.
   188 | D:1      | You pass through the gate.
   188 | D:1      | Escaped the Abyss
   611 | D:1      | Reached XP level 2. HP: 25/25 MP: 0/0
   670 | D:1      | Reached skill level 2 in Long Blades
   980 | D:1      | Reached * piety under Lugonu
  1194 | D:1      | Reached skill level 1 in Spellcasting
  1194 | D:1      | Reached XP level 3. HP: 30/30 MP: 0/0
  1194 | D:1      | Learned a level 1 spell: Animate Skeleton
  1542 | D:1      | Found a faded altar of an unknown god.
  2384 | D:2      | Found a runed translucent door.
  2385 | D:2      | Noticed Crazy Yiuf
  2629 | D:2      | HP: 7/30 [Crazy Yiuf (14)]
  2631 | D:2      | Killed Crazy Yiuf
  2632 | D:2      | Reached XP level 4. HP: 6/35 MP: 0/0
  3008 | D:3      | HP: 5/35 [hobgoblin (4)]
  3412 | D:3      | Reached skill level 3 in Dodging
  3829 | D:3      | Reached XP level 5. HP: 39/40 MP: 0/0
  3829 | D:3      | Learned a level 2 spell: Passwall
  4295 | D:4      | Reached ** piety under Lugonu
  4443 | D:4      | Reached skill level 2 in Spellcasting
  4535 | D:4      | Reached XP level 6. HP: 35/47 MP: 0/0
  4554 | D:4      | HP: 9/47 [orc wizard/magic dart (8)]
  4569 | D:4      | HP: 11/47 [orc (3)]
  4575 | D:4      | HP: 10/47 [orc (2)]
  5114 | D:5      | Entered Level 5 of the Dungeon
  5163 | D:5      | Reached skill level 4 in Fighting
  5163 | D:5      | Reached skill level 3 in Long Blades
  5417 | D:5      | Noticed a sky beast
  5673 | D:4      | Killed a sky beast
  5674 | D:4      | Reached skill level 3 in Spellcasting
  5674 | D:4      | Reached XP level 7. HP: 39/52 MP: 0/0
  5674 | D:4      | Learned a level 2 spell: Wereblood
  6086 | D:5      | HP: 10/52 [ogre (15)]
  6098 | D:5      | Mangled by an ogre

Vanquished Creatures
  A sky beast (D:4)
  A scorpion (D:5)
  A howler monkey (D:4)
  A bullfrog skeleton (D:4)
  An orc wizard (D:4)
  A hound skeleton (D:5)
  A howler monkey skeleton (D:5)
  2 adders (D:4)
  A worm (D:4)
  3 dart slugs
  7 orcs
  6 endoplasms
  A giant cockroach (D:3)
  7 goblins
  10 hobgoblins
  7 kobolds
  7 quokkas
  10 ball pythons
  5 bats
  6 frilled lizards
  5 rats
84 creatures vanquished.

Vanquished Creatures (collateral kills)
  Crazy Yiuf (D:2)
  An orc (D:4)
2 creatures vanquished.

Vanquished Creatures (others)
  An orc (D:4)
1 creature vanquished.

Grand Total: 87 creatures vanquished

Table legend:
 A = Non-vault XP
 B = Vault XP
 C = Vault XP percentage of total XP
 D = Non-vault monster count
 E = Vault monster count
 F = Vault count percentage of total count
                 A         B        C        D         E       F
            +---------+---------+-------+---------+---------+-------
      Total |     532 |      45 |   7.8 |      82 |       4 |   4.7
            +---------+---------+-------+---------+---------+-------
        D:1 |      38 |       0 |   0.0 |      23 |       0 |   0.0
        D:2 |      21 |      40 |  65.6 |      14 |       1 |   6.7
        D:3 |      35 |       5 |  12.5 |      20 |       3 |  13.0
        D:4 |     322 |       0 |   0.0 |      21 |       0 |   0.0
        D:5 |     116 |       0 |   0.0 |       4 |       0 |   0.0
            +---------+---------+-------+---------+---------+-------

Illustrated notes

Table legend:
 A = Kills in this place as a percentage of kills in entire the game.
 B = Kills by you in this place as a percentage of kills by you in the entire game.
 C = Kills by friends in this place as a percentage of kills by friends in the entire game.
 D = Other kills in this place as a percentage of other kills in the entire game.
 E = Experience gained in this place as a percentage of experience gained in the entire game.
 F = Experience gained in this place divided by the number of levels of this place that you have seen.
                   A       B       C       D       E      F
               +-------+-------+-------+-------+-------+----------------------
         Total | 100.0 | 100.0 | 100.0 |   N/A | 100.0 |  64.1
       Dungeon | 100.0 | 100.0 | 100.0 |   N/A | 100.0 | 115.4
               +-------+-------+-------+-------+-------+----------------------

Table legend: (Time is in decaauts)
 A = Elapsed time spent in this place.
 B = Non-inter-level travel time spent in this place.
 C = Inter-level travel time spent in this place.
 D = Time resting spent in this place.
 E = Time spent auto-exploring this place.
 F = Levels seen in this place.
 G = Mean time per level.
                   A        B        C        D        E       F      G
               +--------+--------+--------+--------+--------+-----+--------+
         Total |   6167 |   6025 |    142 |    897 |   4044 |   9 |  685.2 |
       Dungeon |   5979 |   5837 |    142 |    897 |   4014 |   5 | 1195.8 |
         Abyss |    187 |    187 |      0 |      0 |     30 |   4 |   46.8 |
               +--------+--------+--------+--------+--------+-----+--------+

Top non-repeatable levels by time:
     D:1: 1436 daAuts
     D:3: 1385 daAuts
     D:4: 1342 daAuts
     D:2: 1316 daAuts
     D:5: 500 daAuts
 Abyss:3: 78 daAuts
 Abyss:2: 68 daAuts
 Abyss:1: 39 daAuts
 Abyss:4: 0 daAuts
